 Zot Defence DCSS version 0.13.2 (webtiles) character file.

216 Adamkad1 the Practitioner (level 4, 0/0 (39) HPs)
             Began as a Deep Dwarf Healer on Jan 1, 2019.
             Was a Believer of Elyvilon.
             Rotted away
             ... in the Realm of Zot (Scenario I: Hall of Zot).
             The game lasted 00:04:38 (497 turns).

Adamkad1 the Practitioner (Deep Dwarf Healer)        Turns: 497, Time: 00:04:38

HP   0/0 (39)    AC  3     Str 15      XL: 4   Next: 69%
MP   4/10        EV 12     Int 14      God: Elyvilon [**....]
Gold 100         SH  0     Dex 12      Spells:  0 memorised,  3 levels left

Res.Fire  : . . .   See Invis. : .   j - +0 club
Res.Cold  : . . .   Warding    : .   a - +1 robe
Life Prot.: . . .   Conserve   : .   (no shield)
Res.Poison: .       Res.Corr.  : .   (no helmet)
Res.Elec. : .       Clarity    : .   (no cloak)
Sust.Abil.: . .     Spirit.Shd : .   (no gloves)
Res.Mut.  : .       Stasis     : .   (no boots)
Res.Rott. : .       Flight     : .   (no amulet)
Saprovore : . . .                    (no ring)
                                     (no ring)

@: non-regenerating, slightly resistant to hostile enchantments, unstealthy
A: damage resistance, recharge devices, sense surroundings 1, slow healing 3
a: Make dart trap, Make oklob sapling, Make arrow trap, Make plant, Remove
Curse, Device Recharging, Lesser Healing, Lesser Self-Healing, Divine
Protection, Purification, Renounce Religion


You were in the Realm of Zot.
You worshipped Elyvilon.
Elyvilon was pleased with you.
You were not hungry.

You visited 1 branch

Inventory:

Hand weapons
 j - a +0,+0 club (weapon)
Armour
 a - a +1 robe (worn)
Magical devices
 d - a wand of heal wounds (4)
Comestibles
 f - 2 bread rations
 k - a chunk of ball python flesh
 l - a chunk of ball python flesh
Scrolls
 i - a scroll of blinking
Potions
 b - 4 potions of curing
 c - 2 potions of heal wounds
 e - a potion of speed
 g - 2 potions of magic
 h - a potion of berserk rage


   Skills:
 - Level 1.7 Fighting
 - Level 2.1 Dodging
 * Level 7.7 Invocations


You had 3 spell levels left.
You didn't know any spells.

Dungeon Overview and Level Annotations

Branches:
    Zot (1/1)

Altars:


Innate Abilities, Weirdness & Mutations

You are resistant to damage.
You can recharge devices by infusing magical energy.
You passively map a small area around you.
You do not heal naturally.


Message History

* * * LOW HITPOINT WARNING * * *
The goblin completely misses your plant.
Wulfoc hits your plant but does no damage.
Your flesh rots away as the Orb of Zot is desecrated.
* * * LOW HITPOINT WARNING * * *
Your flesh rots away as the Orb of Zot is desecrated.
* * * LOW HITPOINT WARNING * * *
You hit Trebiom but do no damage.
Your flesh rots away as the Orb of Zot is desecrated.
* * * LOW HITPOINT WARNING * * *
Your flesh rots away as the Orb of Zot is desecrated.
The goblin hits your plant but does no damage.
Wulfoc hits your plant with a dagger.
A dart hits the orc!
The goblin hits your plant but does no damage.
The gnoll hits your plant with a flail!
Your flesh rots away as the Orb of Zot is desecrated.
* * * LOW HITPOINT WARNING * * *
Your flesh rots away as the Orb of Zot is desecrated.
Elyvilon protects you from harm!
You die...

....#### ####.... .......###
###....... .........##
##......... ..........# #########
#..........
..........###.......###..........
..........##....g....##..........
.........^#^...PPP...^#^.........
.........^o^%.oPzPg..^^^.........
.........^#^...P@P...^#^.........
..........##.........##..........
..........###.......###..........
..........# ######### #..........
.........## ##.........
.......### ###....... ....####
####.... ######### #########
........### ###........


You could see Wulfoc the orc priest, a gnoll, an orc, Trebiom the goliath beetle
zombie and a goblin.

Vanquished Creatures
  An ooze (Zot)
  A goblin (Zot)
  2 kobolds (Zot)
  A bat (Zot)
5 creatures vanquished.

Vanquished Creatures (others)
  An oklob sapling (Zot)
  6 goblins (Zot)
  3 kobolds (Zot)
  3 ball pythons (Zot)
  7 bats (Zot)
  A giant newt (Zot)
  3 rats (Zot)
  A plant (Zot)
25 creatures vanquished.

Grand Total: 30 creatures vanquished

Notes
Turn   | Place    | Note
--------------------------------------------------------------
     0 | Zot      | Adamkad1, the Deep Dwarf Healer, began the quest for the Orb.
     0 | Zot      | Reached XP level 1. HP: 19/19 MP: 2/2
   175 | Zot      | Reached skill level 5 in Invocations
   205 | Zot      | Reached XP level 2. HP: 26/26 MP: 2/4
   233 | Zot      | Noticed Psaon
   235 | Zot      | Pacified Psaon the giant frog
   235 | Zot      | Reached skill level 7 in Invocations
   235 | Zot      | Reached XP level 3. HP: 32/32 MP: 2/7
   235 | Zot      | Reached XP level 4. HP: 39/39 MP: 2/9
   497 | Zot      | Elyvilon protects you from harm!
   497 | Zot      | Rotted away

Action                   |  1- 3 |  4- 6 || total
-------------------------+-------+-------++-------
Melee: Club              |       |    25 ||    25
       Unarmed           |       |    12 ||    12
Invok: Lesser Healing    |     6 |    20 ||    26
       Lesser Self-Heali |       |     2 ||     2
 Abil: Make dart trap    |    14 |       ||    14
       Make plant        |       |     8 ||     8
       Make oklob saplin |       |     1 ||     1
Evoke: Wand              |       |     1 ||     1
